AoeStats
← Ligrete

Fortress

509480972Analyzed
2v2 RM · 5d ago on Sep 26, 2026· 53m 39s· 4 players
Game mode
Random Map
Map size
Normal (6 player)
Population
200
Speed
Normal
Resources
Standard
Victory
Conquest
Starting age
Dark Age
Ending age
Imperial Age
RankedLock teamsTeams togetherTeam positionsShared explorationLock speedFull tech treeHidden civsTurbo modeCheats
Victory
Defeat
🇺🇸 Danes · United States
1179
+14
🇺🇸 Bulgarians · United States
1179
+14
🇺🇸 Bengalis · United States
1161
-15
🇷🇺 Franks · Russia
1101
-13
Willie Beamin
7:25 Feudal Age
5:41 Loom
8:53 Double-Bit Axe
13:07 Castle Age
11:39 Horse Collar
12:37 Wheelbarrow
14:46 Bow Saw
15:06 Gold Mining
24:42 Imperial Age
24:24 Stone Mining
24:33 Elite Skirmisher
25:07 Fletching
25:17 Padded Archer Armor
26:03 Light Cavalry
28:41 Leather Archer Armor
28:24 Bodkin Arrow
29:54 Conscription
29:13 Pikeman
29:54 Halberdier
31:28 Bloodlines
47:27 Forging
48:06 Paiks
Ligrete
5:50 Feudal Age
10:00 Loom
11:03 Wheelbarrow
10:38 Double-Bit Axe
13:06 Castle Age
11:18 Double-Bit Axe
12:38 Gold Mining
15:10 Bow Saw
17:45 Scale Barding Armor
23:02 Hand Cart
22:34 Town Watch
22:51 Husbandry
23:15 Chain Barding Armor
27:22 Imperial Age
25:33 Town Patrol
27:22 Forging
29:15 Gold Shaft Mining
28:31 Stone Mining
29:26 Hoardings
28:22 Cavalier
30:10 Paladin
34:01 Masonry
33:33 Treadmill Crane
34:51 Plate Barding Armor
34:52 Iron Casting
34:07 Fletching
35:59 Architecture
35:50 Ballistics
36:30 Chemistry
38:13 Blast Furnace
39:27 Bodkin Arrow
40:24 Caravan
40:58 Coinage
41:52 Conscription
41:52 Chivalry
47:32 Caravan
49:34 Siege Engineers
49:25 Murder Holes
49:38 Siege Engineers
49:07 Pikeman
49:48 Squires
50:01 Arson
52:47 Scale Mail Armor
52:11 Light Cavalry
53:22 Halberdier
Worker
7:54 Feudal Age
8:45 Horse Collar
8:50 Double-Bit Axe
13:51 Castle Age
13:18 Fletching
13:28 Padded Archer Armor
15:01 Bow Saw
14:51 Heavy Plow
15:48 Leather Archer Armor
15:30 Bodkin Arrow
19:02 Loom
21:07 Thumb Ring
22:34 Husbandry
22:48 Bloodlines
24:14 Gold Mining
25:34 Gold Shaft Mining
28:19 Imperial Age
25:40 Town Watch
26:32 Wheelbarrow
27:44 Elite Skirmisher
28:44 Forging
28:39 Scale Barding Armor
29:39 Hand Cart
29:39 Bracer
31:07 Iron Casting
30:52 Chain Barding Armor
32:19 Blast Furnace
31:57 Heavy Cavalry Archer
35:21 Plate Barding Armor
35:30 Elite Konnik
41:03 Stirrups
41:09 Light Cavalry
42:37 Hussar
44:16 Caravan
Carmilla
7:02 Feudal Age
8:52 Double-Bit Axe
11:26 Castle Age
15:52 Wheelbarrow
16:05 Bow Saw
15:57 Horse Collar
16:36 Loom
19:01 Hand Cart
19:15 Heavy Plow
19:56 Elite Skirmisher
23:05 Fletching
23:26 Forging
23:16 Scale Mail Armor
23:17 Gold Mining
24:46 Gold Shaft Mining
24:02 Stone Mining
26:20 Iron Casting
26:01 Chain Mail Armor
29:45 Imperial Age
27:02 Town Watch
28:07 Bodkin Arrow
28:12 Padded Archer Armor
28:37 Ballistics
30:31 Bracer
33:25 Conscription
32:34 Elite Jomsviking
34:46 Chemistry
35:48 Blast Furnace
35:18 Plate Mail Armor
35:04 Leather Archer Armor
40:03 Hamask
40:40 Capped Ram
44:42 Caravan
47:34 Ring Archer Armor
49:45 Stone Shaft Mining
49:10 Northmen's Fury
52:29 Squires
52:17 Arson
Connection lost

Rejoining the realm…

Still unreachable

The connection could not be restored.

Session expired

The server has moved on; the page needs a fresh start.